 Dungeon Crawl Stone Soup version 0.20.0-15-g7f486f2 (webtiles) character file.

43558 Kriby the Severer (level 14, 0/199 HPs)
             Began as a Hill Orc Fighter on June 10, 2017.
             Was a High Priest of Makhleb.
             Succumbed to a spiny frog's poison
             ... on level 6 of the Lair of Beasts.
             The game lasted 00:28:55 (19419 turns).

Kriby the Severer (Hill Orc Fighter)               Turns: 19419, Time: 00:28:55

Health: 0/199      AC: 27    Str: 26    XL:     14   Next: 24%
Magic:  25/25      EV:  2    Int:  8    God:    Makhleb [*****.]
Gold:   128        SH:  9    Dex: 12    Spells: 13/13 levels left

rFire    + + .     SeeInvis .   b - +8 whip "Snakebite" {curare, rPois}
rCold    x . .     Gourm    .   c - +0 shield
rNeg     + + +     Faith    .   (armour currently unavailable)
rPois    +         Spirit   .   (helmet currently unavailable)
rElec    .         Reflect  .   (cloak currently unavailable)
rCorr    .         Harm     .   (gloves currently unavailable)
MR       +....     NoTele   +   (boots currently unavailable)
Stlth    +.........             I - amulet of inaccuracy (curse)
Regen    0.5/turn               k - ring of protection from fire
MPRegen  0.2/turn               F - ring of fire

@: lethally poisoned (0 -> -3), tree-form, heavily drained
A: agile 1, strong 1
a: Minor Destruction, Lesser Servant of Makhleb, Major Destruction, Greater
Servant of Makhleb, Renounce Religion


You were on level 6 of the Lair of Beasts.
You worshipped Makhleb.
Makhleb was extremely pleased with you.
You were not hungry.
You were a tree.
You visited 2 branches of the dungeon, and saw 14 of its levels.

You collected 686 gold pieces.
You spent 558 gold pieces at shops.

Inventory:

Hand Weapons
 a - a +0 war axe
 b - the +8 whip "Snakebite" (weapon) {curare, rPois}
   (You found it on level 1 of the Lair of Beasts)

   It poisons the flesh of those it strikes.
   It protects you from poison.
 d - a +3 lajatang of protection
 r - a +0 executioner's axe of freezing
 Q - a +1 war axe of draining
 V - a +0 quarterstaff of freezing
Armour
 c - a +0 shield (worn)
 h - a +0 pair of boots (melded)
 u - a scarf of repulsion (melded)
 x - a +1 helmet (melded)
 D - a +0 plate armour (melded)
 G - a +2 pair of gloves (melded)
Jewellery
 k - a ring of protection from fire (left branch)
 w - an uncursed ring of stealth
 B - an uncursed ring of stealth
 E - an uncursed ring of flight
 F - a ring of fire (right branch)
 I - a cursed amulet of inaccuracy (around neck)
 P - a +3 ring of strength
 X - an uncursed ring of ice
Wands
 o - a wand of enslavement (8/24)
 C - a wand of paralysis (0/24)
 J - a wand of lightning (3/15)
 S - a wand of flame (28/48)
 Z - a wand of paralysis (15/24)
Scrolls
 e - 12 scrolls of remove curse
 i - 2 scrolls of enchant armour
 m - a scroll of recharging
 n - 2 scrolls of amnesia
 t - 8 scrolls of identify
 L - 2 scrolls of enchant weapon
Potions
 l - 2 potions of lignification
 q - 3 potions of mutation
Books
 H - a book of Changes

   Spells                             Type                      Level
   a - Beastly Appendage              Transmutation                1
   b - Sticks to Snakes               Transmutation                2
   c - Spider Form                    Transmutation/Poison         3
   d - Ice Form                       Ice/Transmutation            4
   e - Blade Hands                    Transmutation                5
 K - a book of Alchemy

   Spells                             Type                      Level
   a - Sublimation of Blood           Necromancy                   2
   b - Ignite Poison                  Fire/Transmutation/Poison    3
   c - Petrify                        Transmutation/Earth          4
   d - Alistair's Intoxication        Transmutation/Poison         5
   e - Irradiate                      Conjuration/Transmutation    5
 N - a Young Poisoner's Handbook

   Spells                             Type                      Level
   a - Sting                          Conjuration/Poison           1
   b - Poisonous Vapours              Poison/Air                   2
   c - Mephitic Cloud                 Conjuration/Poison/Air       3
   d - Olgreb's Toxic Radiance        Poison                       4
   e - Venom Bolt                     Conjuration/Poison           5
Comestibles
 f - 10 bread rations
 g - 5 royal jellies
 j - 2 chunks of flesh
 s - 33 fruits
 v - 10 meat rations


   Skills:
 + Level 14.4(12.7) Fighting
 * Level 18.1(17.4) Axes
 - Level 10.1(12.4) Maces & Flails
 - Level 1.0(4.1) Staves
 - Level 3.2(2.0) Armour
 - Level 3.2(2.0) Shields
 + Level 14.9(13.3) Invocations


You had 13 spell levels left.
You didn't know any spells.

Dungeon Overview and Level Annotations

Branches:
Dungeon (8/15)             Temple (0/1) D:5            Lair (6/6) D:8
  Swamp (0/4) Lair:4       Spider (0/4) Lair:2
  Slime: Lair:5-6

Altars:
Cheibriados
Gozag
Makhleb
Nemelex Xobeh
Yredelemnul
The Shining One

Shops:
D:5 (


Innate Abilities, Weirdness & Mutations

You are agile. (Dex +2)
((Your flesh is heat resistant. (rF+)))
Your muscles are strong. (Str +2)


Message History

There is a lethal amount of poison in your body!
* * * LOW HITPOINT WARNING * * *
You feel sick.
* * * LOW HITPOINT WARNING * * *
You feel sick.
* * * LOW HITPOINT WARNING * * *
You feel sick.
* * * LOW HITPOINT WARNING * * *
You feel sick.
* * * LOW HITPOINT WARNING * * *
You feel sick.
* * * LOW HITPOINT WARNING * * *
You feel sick.
* * * LOW HITPOINT WARNING * * *
You feel sick.
* * * LOW HITPOINT WARNING * * *
You feel sick.
* * * LOW HITPOINT WARNING * * *
You feel sick.
You die...

..............#P..
....÷............#.P...≈
........÷............≈≈≈
...##....##.........≈.≈≈
..###÷..## ##.........≈≈
..##.÷..## ####.≈P.≈≈#
###P.....# #.....≈.≈.#
###...P..#####.......≈##
..........#..#..♣....≈≈≈
............#....†...≈≈≈
...........###.....P.≈≈≈
..........#. #........≈≈
............###......≈≈≈
...........## .......≈≈≈
............ #.......≈≈
............ #....#..≈≈
.......... ...#


There were no monsters in sight!

Vanquished Creatures
  2 entropy weavers (Lair:4)
  Nessos (Lair:4)
  Josephine (Lair:4)
  2 hydras
  Fannar (Lair:2)
  3 death yaks
  A queen ant (Lair:4)
  Sonja (Lair:3)
  A necromancer (Lair:3)
  6 elephants (Lair:5)
  Joseph (Lair:1)
  8 black mambas
  3 torpor snails
  15 spiny frogs
  A rime drake (Lair:5)
  4 komodo dragons
  3 tyrant leeches
  13 blink frogs
  2 dream sheep (Lair:6)
  4 hippogriffs
  22 yaks
  3 wraiths (Lair:4)
  2 basilisks
  6 vampire mosquitoes (Lair:6)
  17 water moccasins
  14 soldier ants (Lair:4)
  14 porcupines
  4 ice beasts
  3 orc warriors
  A sky beast (D:8)
  A black bear (D:6)
  The ghost of Kriby the Chopper, an amateur HOFi (D:3)
  2 phantoms
  An ogre (D:7)
  23 wolves
  3 centaurs
  6 crocodiles
  19 bullfrogs
  Dowan (D:7)
  A scorpion (Lair:2)
  2 bullfrog zombies (D:5)
  4 hounds
  5 orc priests
  2 jellies
  Jessica (D:3)
  A centaur skeleton (D:6)
  21 worker ants
  10 orc wizards
  A polar bear simulacrum (Lair:3)
  3 yak simulacra (Lair:3)
  A killer bee zombie (D:6)
  5 wolf simulacra (Lair:3)
  A hound skeleton (D:5)
  A howler monkey zombie (D:6)
  A worker ant zombie (D:3)
  6 adders
  4 gnolls (D:3)
  3 shadow imps
  2 oozes
  An adder zombie (D:5)
  2 adder skeletons
  6 worms
  A dart slug (D:2)
  5 leopard geckos
  33 orcs
  A ball python (D:3)
  5 bats
  2 giant cockroaches (D:3)
  4 hobgoblins
  13 jackals
  6 kobolds
  3 quokkas
  5 frilled lizards
  8 goblins
  A leopard gecko skeleton (D:4)
  11 rats
  2 river rat simulacra (Lair:3)
  A bush (Lair:5)
  A butterfly (Lair:2)
402 creatures vanquished.

Vanquished Creatures (collateral kills)
  The ghost of Serafim the Severer, a journeyman MiFi of Okawaru (Lair:6)
  2 hydras (Lair:6)
  A komodo dragon (Lair:6)
  8 spiny frogs (Lair:6)
  3 blink frogs (Lair:6)
  A wraith (Lair:4)
  A soldier ant (Lair:4)
  Duvessa (D:7)
  A water moccasin (Lair:6)
  An ogre (D:7)
  3 bullfrogs (Lair:6)
  A scorpion (D:7)
24 creatures vanquished.

Vanquished Creatures (others)
  19 fungi
  56 plants
75 creatures vanquished.

Grand Total: 501 creatures vanquished

Notes
Turn   | Place    | Note
-------+----------+-------------------------------------------
     0 | D:1      | Kriby the Hill Orc Fighter began the quest for the Orb.
     0 | D:1      | Reached XP level 1. HP: 19/19 MP: 1/1
   171 | D:1      | Reached skill level 3 in Axes
   364 | D:1      | Reached XP level 2. HP: 21/27 MP: 2/2
   663 | D:1      | Reached skill level 4 in Axes
  1094 | D:2      | Found a burning altar of Makhleb.
  1126 | D:2      | Reached XP level 3. HP: 31/33 MP: 3/3
  1153 | D:2      | Became a worshipper of Makhleb the Destroyer
  1904 | D:3      | Reached * piety under Makhleb
  1904 | D:3      | Reached skill level 1 in Invocations
  1904 | D:3      | Reached XP level 4. HP: 34/40 MP: 4/4
  1907 | D:3      | Noticed Kriby's ghost (amateur HOFi)
  1917 | D:3      | Killed Kriby's ghost
  1917 | D:3      | Reached skill level 5 in Axes
  1917 | D:3      | Reached XP level 5. HP: 7/47 MP: 4/6
  2374 | D:3      | Noticed Jessica
  2381 | D:3      | Killed Jessica
  2381 | D:3      | Reached skill level 6 in Axes
  2522 | D:3      | Reached skill level 5 in Fighting
  2522 | D:3      | Reached XP level 6. HP: 32/56 MP: 6/8
  3222 | D:3      | Reached skill level 7 in Axes
  3246 | D:3      | Reached ** piety under Makhleb
  3841 | D:4      | Reached XP level 7. HP: 53/61 MP: 9/9
  4378 | D:4      | Reached skill level 8 in Axes
  5392 | D:5      | Entered Level 5 of the Dungeon
  5394 | D:5      | Found a snail-covered altar of Cheibriados.
  5545 | D:5      | Reached skill level 9 in Axes
  5545 | D:5      | Reached skill level 5 in Invocations
  5545 | D:5      | Reached XP level 8. HP: 64/71 MP: 11/11
  5890 | D:5      | Found Zuofit's Antique Weapon Emporium.
  6237 | D:5      | Found a staircase to the Ecumenical Temple.
  6309 | D:5      | Found a glowing golden altar of the Shining One.
  6531 | D:6      | Reached skill level 10 in Axes
  6779 | D:6      | Reached *** piety under Makhleb
  6807 | D:6      | Found an opulent altar of Gozag.
  7104 | D:6      | Reached XP level 9. HP: 68/79 MP: 12/14
  7256 | D:6      | Reached skill level 11 in Axes
  7784 | D:7      | Noticed Duvessa
  7784 | D:7      | Noticed Dowan
  7793 | D:7      | Killed Dowan
  7799 | D:7      | Killed Duvessa
  8174 | D:7      | Reached skill level 12 in Axes
  8414 | D:8      | Found a basalt altar of Yredelemnul.
  8428 | D:8      | Gained mutation: Your muscles are strong. (Str +2) [mutagenic meat]
  8429 | D:8      | Gained mutation: Your spells are a little harder to cast, but a little more powerful. [mutagenic meat]
  8559 | D:8      | Reached **** piety under Makhleb
  8744 | D:8      | Found a sparkling altar of Nemelex Xobeh.
  8934 | D:8      | Found a staircase to the Lair.
  9099 | Lair:1   | Entered Level 1 of the Lair of Beasts
  9299 | Lair:1   | Reached XP level 10. HP: 90/90 MP: 16/16
  9339 | Lair:1   | Noticed Joseph
  9353 | Lair:1   | Killed Joseph
  9353 | Lair:1   | Reached skill level 13 in Axes
  9502 | Lair:1   | Reached skill level 14 in Axes
  9525 | Lair:1   | Noticed a black mamba
  9532 | Lair:1   | Killed a black mamba
  9969 | Lair:1   | Reached skill level 10 in Fighting
 10001 | Lair:1   | Noticed a four-headed hydra
 10014 | Lair:1   | Killed a four-headed hydra
 10014 | Lair:1   | Reached skill level 10 in Invocations
 10014 | Lair:1   | Reached XP level 11. HP: 88/100 MP: 18/18
 10130 | Lair:1   | Reached skill level 15 in Axes
 11186 | Lair:1   | Reached skill level 1 in Maces & Flails
 11466 | Lair:2   | Noticed Fannar
 11520 | Lair:2   | Reached ***** piety under Makhleb
 11821 | Lair:2   | Reached skill level 5 in Maces & Flails
 11938 | Lair:2   | Found a hole to the Spider Nest.
 11959 | Lair:2   | Killed Fannar
 12388 | Lair:3   | Noticed Sonja
 12390 | Lair:3   | Noticed a six-headed hydra
 12404 | Lair:3   | Reached XP level 12. HP: 86/110 MP: 20/20
 12598 | Lair:3   | Noticed a death yak
 12603 | Lair:3   | Noticed a death yak
 12611 | Lair:3   | Killed a death yak
 12619 | Lair:3   | Killed a death yak
 12818 | Lair:3   | Found a labyrinth entrance.
 12854 | Lair:3   | Identified a scroll of acquirement
 13030 | Lair:3   | Killed Sonja
 13292 | Lair:3   | Killed a six-headed hydra
 14062 | Lair:4   | Noticed Josephine
 14099 | Lair:4   | Killed Josephine
 14621 | Lair:1   | Reached skill level 10 in Maces & Flails
 14794 | D:5      | Bought a glowing lajatang for 558 gold pieces
 15018 | Lair:4   | Noticed a queen ant
 15024 | Lair:4   | Reached XP level 13. HP: 115/119 MP: 22/22
 15035 | Lair:4   | Noticed Nessos
 15136 | Lair:4   | HP: 5/122 [poisoned by a spiny frog]
 15141 | Lair:4   | Reached skill level 1 in Staves
 15343 | Lair:4   | Noticed an entropy weaver
 15365 | Lair:4   | Killed an entropy weaver
 15832 | Lair:4   | Found a staircase to the Swamp.
 15866 | Lair:4   | Noticed an entropy weaver
 15878 | Lair:4   | HP: 3/122 [Nessos/arrow (19)]
 15878 | Lair:4   | HP: 1/122 [Nessos/arrow (2)]
 16120 | Lair:4   | Killed an entropy weaver
 16280 | Lair:4   | Reached skill level 16 in Axes
 16306 | Lair:4   | Killed Nessos
 17899 | Lair:6   | Entered Level 6 of the Lair of Beasts
 17903 | Lair:6   | Reached skill level 17 in Axes
 18374 | Lair:6   | Noticed Serafim's ghost (journeyman MiFi)
 18389 | Lair:6   | Lost mutation: Your muscles are strong. (Str +2) [potion of mutation]
 18389 | Lair:6   | Lost mutation: Your spells are a little harder to cast, but a little more powerful. [potion of mutation]
 18389 | Lair:6   | Gained mutation: You are agile. (Dex +2) [potion of mutation]
 18389 | Lair:6   | Gained mutation: Your flesh is heat resistant. (rF+) [potion of mutation]
 18389 | Lair:6   | Gained mutation: Your muscles are strong. (Str +2) [potion of mutation]
 18415 | Lair:6   | HP: 5/123 [spiny frog (7)]
 18555 | Lair:6   | Reached XP level 14. HP: 56/132 MP: 24/24
 18820 | Lair:6   | Killed Serafim's ghost
 19107 | Lair:6   | Reached skill level 18 in Axes
 19407 | Lair:6   | HP: 9/199 [poisoned by a spiny frog]
 19412 | Lair:6   | HP: 4/199 [poisoned by a spiny frog]
 19417 | Lair:6   | HP: 1/199 [poisoned by a spiny frog]
 19419 | Lair:6   | Succumbed to a spiny frog's poison

Skill      XL: |  1  2  3  4  5  6  7  8  9 10 11 12 13 14 |
---------------+-------------------------------------------+-----
Axes           | 3 4 5 6 7 9 10 12 14 15 17 18 | 18.1
Fighting       | 4 5 6 7 8 10 11 12 14 | 14.4
Invocations    | 1 2 3 5 6 8 10 11 13 14 | 14.9
Maces & Flails | 6 10 | 10.1
Staves         | 1 |  1.0
Armour         | |  3.2
Shields        | |  3.2

Action                   |  1- 3 |  4- 6 |  7- 9 | 10-12 | 13-15 || total
-------------------------+-------+-------+-------+-------+-------++-------
Melee: War axe           |   132 |   184 |   387 |   152 |    45 ||   900
       Whip              |       |       |       |   408 |   504 ||   912
       Lajatang          |       |       |       |    10 |    17 ||    27
Invok: Lesser Servant of |       |       |     1 |     1 |     5 ||     7
       Greater Servant o |       |       |       |     1 |     4 ||     5
Evoke: Wand              |       |       |       |    15 |     5 ||    20
  Use: Potion            |       |     1 |     2 |     2 |    23 ||    28
       Scroll            |       |     1 |       |    15 |     5 ||    21
  Eat: Chunk             |     3 |     7 |    19 |    14 |    13 ||    56
       Bread ration      |       |       |       |     1 |       ||     1
       Royal jelly       |       |       |       |       |     1 ||     1
Armor: Scale mail        |    56 |    61 |     1 |       |       ||   118
       Plate armour      |       |       |   212 |   248 |   286 ||   746
       Skin              |       |       |       |       |     1 ||     1
Dodge: Dodged            |    44 |    46 |    63 |   111 |   108 ||   372
       Deflected         |       |       |       |     1 |     1 ||     2
Block: Shield            |    72 |    62 |   181 |   216 |   237 ||   768
